 Dungeon Crawl Stone Soup version 0.26-a0-831-g7192265339 (webtiles) character file.

Game seed: 8246725494079703120

279 mattiecakes the Shield-Bearer (level 6, -1/39 HPs)
             Began as a Gargoyle Fighter on Nov 16, 2020.
             Killed from afar by Ijyb (8 damage)
             ... with a bolt of acid
             ... on level 2 of the Dungeon.
             The game lasted 00:03:51 (2703 turns).

mattiecakes the Shield-Bearer (Gargoyle Fighter)    Turns: 2703, Time: 00:03:52

Health: -1/39      AC: 17    Str: 21    XL:     6   Next: 26%
Magic:  6/6        EV:  4    Int:  9    God:
Gold:   164        SH:  9    Dex:  9    Spells: 5/5 levels left

rFire    . . .     SeeInvis .   a - +0 war axe
rCold    . . .     Faith    .   c - +0 kite shield
rNeg     + . .     Spirit   .   h - +0 plate armour
rPois    ∞         Reflect  .   (no helmet)
rElec    +         Harm     .   k - +0 cloak
rCorr    .         Rampage  .   (no gloves)
MR       .....                  (no boots)
Stlth    ..........             (no amulet)
HPRegen  0.13/turn              (no ring)
MPRegen  0.10/turn              (no ring)

@: brilliant
A: negative energy resistance 1, electricity resistance, unbreathing,
petrification resistance, rot immunity, AC +4
a: no special abilities


You were on level 2 of the Dungeon.
You visited 1 branch of the dungeon, and saw 3 of its levels.

You collected 164 gold pieces.

Inventory:

Hand Weapons
 a - a +0 war axe (weapon)
Armour
 b - a +0 scale mail
 c - a +0 kite shield (worn)
 h - a +0 plate armour (worn)
 k - a +0 cloak (worn)
Jewellery
 o - an uncursed ring of wizardry {unknown}
 p - an uncursed ring of poison resistance {unknown}
Wands
 s - a wand of flame (14)
Scrolls
 e - a scroll of enchant weapon {unknown}
 f - 4 scrolls of identify {unknown}
 g - 4 scrolls of remove curse {unknown}
 i - a scroll of magic mapping
 n - a scroll of noise {unknown}
 q - a scroll of amnesia {unknown}
Potions
 d - a potion of might
 l - a potion of magic {unknown}
 m - a potion of cancellation


   Skills:
 + Level 4.4 Fighting
 + Level 3.0 Axes
 + Level 4.4 Armour
 + Level 2.0 Dodging
 + Level 4.4 Shields


You had 5 spell levels left.
You didn't know any spells.
Your spell library was empty.

Dungeon Overview and Level Annotations

Branches:
Dungeon (3/15)

Altars:
Ashenzari
Dithmenos
Nemelex Xobeh
Ru
Trog

Annotations:
D:2 Ijyb


Innate Abilities, Weirdness & Mutations

You are resistant to torment.
Your stone body is resilient. (AC +4)
You are immune to poison.
You resist negative energy. (rN+)
You are resistant to electric shocks. (rElec)
You can survive without breathing.
You are immune to petrification.
You are immune to rotting.


Message History

You closely miss Ijyb.
Ijyb is moderately wounded.
You hit the rat.
You kill the rat!
Ijyb hits you but does no damage. x2
You slash Ijyb!
Ijyb is heavily wounded.
Ijyb zaps a wand.
The bolt of acid hits you.
You are splashed with acid!
* * * LOW HITPOINT WARNING * * *
Unknown command.
You are too injured to fight recklessly!
Unknown command.
You block Ijyb's attack.
You climb upwards.
There is a stone staircase leading down here.
Unknown command.
It was a potion of brilliance.
You feel clever all of a sudden.
Ijyb zaps a wand.
The bolt of acid hits you!
You die...

........##...#.# #..#.#.#.#.#.#
#.......#..#...# #..#.#.#.#.#.#
######....##..## ##.#.#.#.#.#.#
.#...#....##..# #.#.#.#.#.#.#
##.>.#....#...# #.#...#...#.#
#....#.......## #.#########.#
#...##.......# #...........#
....#......#.#######..##########
...##......#....@g.).##
.8.#.......#....)[..##
...##..........[(...#
....#......#........#
#...##.....#.....)..#
#....#.....#........#
##.>.#.....#........#
#...#.....#........#
#####.....##########


You could see Ijyb.

Vanquished Creatures
  3 orc priests (D:3)
  An orc wizard (D:3)
  Jessica (D:2)
  A worker ant (D:3)
  4 adders
  3 worms
  3 dart slugs
  3 leopard geckos
  5 orcs
  3 giant cockroaches
  6 goblins
  5 hobgoblins
  A quokka (D:2)
  2 ball pythons (D:1)
  10 bats
  4 frilled lizards
  5 kobolds
  6 rats
66 creatures vanquished.

Vanquished Creatures (others)
  An orc (D:3)
1 creature vanquished.

Grand Total: 67 creatures vanquished

Notes
Turn   | Place    | Note
-------+----------+-------------------------------------------
     0 | D:1      | mattiecakes the Gargoyle Fighter began the quest for the
                  | Orb.
     0 | D:1      | Reached XP level 1. HP: 14/14 MP: 1/1
   210 | D:1      | Reached XP level 2. HP: 12/19 MP: 2/2
   980 | D:2      | Noticed Jessica
   989 | D:2      | Killed Jessica
   990 | D:2      | Reached skill level 1 in Dodging
   990 | D:2      | Reached XP level 3. HP: 22/24 MP: 3/3
  1124 | D:2      | Found a sacrificial altar of Ru.
  1134 | D:2      | Found a broken altar of Ashenzari.
  1143 | D:2      | Reached XP level 4. HP: 29/29 MP: 4/4
  1154 | D:2      | Found a bloodstained altar of Trog.
  1157 | D:2      | Found a sparkling altar of Nemelex Xobeh.
  1908 | D:3      | Reached XP level 5. HP: 18/33 MP: 5/5
  2219 | D:3      | Reached XP level 6. HP: 39/39 MP: 6/6
  2234 | D:3      | Found a shadowy altar of Dithmenos.
  2245 | D:3      | Noticed Ijyb
  2703 | D:2      | Killed from afar by Ijyb

Illustrated notes

Levels and vault maps discovered:
D:1:      ncdulo_wetmaze, layout_basic, st_stairs_3, hangedman_glass_teeth
D:2:      layout_rooms, grunt_temple_overflow_cloverleaf, grunt_ministairs_12,
          chequers_serial_rivers_micro_e, minivault_27, uniq_jessica
D:3:      layout_loops_corners, nicolae_dithmenos_shadow_blocks, uniq_ijyb

Skill      XL: |  1  2  3  4  5  6 |
---------------+-------------------+-----
Axes           | 2 3 |  3.0
Dodging        | 1 2 |  2.0
Fighting       | 4 |  4.4
Armour         | 4 |  4.4
Shields        | 4 |  4.4

Action                   |  1- 3 |  4- 6 || total
-------------------------+-------+-------++-------
Melee: War axe           |    93 |   152 ||   245
  Use: Potion            |       |     6 ||     6
       Scroll            |       |     1 ||     1
Armor: Plate armour      |    90 |   147 ||   237
       Scale mail        |     4 |       ||     4
Dodge: Dodged            |    21 |    34 ||    55
Block: Kite shield       |    67 |    96 ||   163

Table legend: (Time is in decaauts)
 A = Elapsed time spent in this place.
 B = Non-inter-level travel time spent in this place.
 C = Inter-level travel time spent in this place.
 D = Time resting spent in this place.
 E = Time spent auto-exploring this place.
 F = Levels seen in this place.
 G = Mean time per level.
                   A        B        C        D        E       F      G
               +--------+--------+--------+--------+--------+-----+--------+
         Total |   2805 |   2713 |     92 |    484 |   1623 |   3 |  935.0 |
       Dungeon |   2805 |   2713 |     92 |    484 |   1623 |   3 |  935.0 |
               +--------+--------+--------+--------+--------+-----+--------+

Top non-repeatable levels by time:
     D:1: 1012 daAuts
     D:2: 966 daAuts
     D:3: 826 daAuts
